 Dungeon Crawl Stone Soup version 0.30-a0-297-g0ec75d9ef4 (webtiles) character file.

Game seed: 4006481843901311119

705 Lobster4 the Sneak (level 7, 0/36 HPs)
             Began as a Spriggan Hunter on Oct 19, 2022.
             Was an Initiate of Nemelex Xobeh.
             Slain by Blork the orc
             ... wielding a +0 trident
              (11 damage)
             ... on level 5 of the Dungeon.
             The game lasted 00:12:52 (4405 turns).

Lobster4 the Sneak (Spriggan Hunter)                Turns: 4405, Time: 00:12:52

Health: 0/36       AC:  2    Str:  7    XL:     7   Next: 39%
Magic:  8/8        EV: 20    Int: 11    God:    Nemelex Xobeh [......]
Gold:   146        SH:  0    Dex: 20    Spells: 6/6 levels left

rFire   . . .      SeeInvis +    a - +0 shortbow
rCold   . . .      Faith    .    (shield currently unavailable)
rNeg    . . .      Spirit   .    c - +0 robe
rPois   .          Reflect  .    (helmet restricted)
rElec   .          Harm     .    (no cloak)
rCorr   .          Rampage  .    (gloves unavailable)
Will    +....                    (boots unavailable)
Stlth   +.........               (no amulet)
HPRegen 0.26/turn                (no ring)
MPRegen 0.11/turn                (no ring)

@: confused, about to teleport, ambrosia-drunk, very quick
A: very small, no large weapons, unfitting armour, see invisible, speed 3
a: Renounce Religion, Draw Escape, Draw Destruction, Draw Summoning


You were on level 5 of the Dungeon.
You worshipped Nemelex Xobeh.
Nemelex Xobeh was noncommittal.
You visited 2 branches of the dungeon, and saw 6 of its levels.
You also visited: Ossuary.

You collected 146 gold pieces.

Inventory:

Hand Weapons
 a - a +0 shortbow (weapon)
 b - a +0 dagger
 g - a +0 whip
 h - a +0 short sword
Missiles
 q - a throwing net
 r - 6 poisoned darts
 v - a boomerang
Armour
 c - a +0 robe (worn)
Wands
 o - a wand of flame (19)
Scrolls
 e - 2 scrolls of immolation
 l - a scroll of fear {unknown}
 t - a scroll of enchant armour {unknown}
Potions
 f - 3 potions of ambrosia
 i - 2 potions of haste
 j - 3 potions of curing {unknown}
 k - 2 potions of lignification {unknown}
 m - a potion of berserk rage
 n - a potion of flight
 p - a potion of brilliance
 u - a potion of invisibility


   Skills:
 + Level 3.4 Fighting
 + Level 5.4 Ranged Weapons
 + Level 5.5 Dodging
 + Level 5.9 Stealth
 + Level 3.8 Evocations


You had 6 spell levels left.
You didn't know any spells.
Your spell library contained the following spells:

 Spells                   Type           Power      Damage    Failure   Level
 Sandblast                Erth           0%         2d4       34%         1
 Cigotuvi's Dreadful Rot  Necr/Pois/Air  0%         N/A       47%         2
 Passwall                 Tmut/Erth      0%         N/A       47%         2
 Poisonous Vapours        Pois/Air       0%         N/A       47%         2
 Mephitic Cloud           Conj/Pois/Air  0%         N/A       71%         3
 Stone Arrow              Conj/Erth      0%         3d7       71%         3


Dungeon Overview and Level Annotations

Branches:
Dungeon (5/15)             Temple (1/1) D:4         Ossuary (visited)

Altars:
Cheibriados
Dithmenos
Gozag
Kikubaaqudgha
Nemelex Xobeh
Ru
Sif Muna
Trog
Xom

Annotations:
D:5 Blork the orc


Innate Abilities, Weirdness & Mutations

You are very small and have problems with some larger weapons.
You are too small for most types of armour.
You have supernaturally acute eyesight. (SInv)
You cover ground extremely quickly. (Speed+++)


Message History

There is an open door here.
There is an open door here.
There is an open door here.
There is a gate leading back out of this place here.
Okay, then.
As you read the scroll of identify, it crumbles to dust.
u - a potion of invisibility
As you read the scroll of identify, it crumbles to dust.
i - 2 potions of haste Welcome back to the Dungeon!
Level annotation: Blork the orc Blork the orc zaps a wand.
The roots erupt in riotous growth!
The grasping roots grab you! The grasping roots constrict you.
There is a collapsed entrance here.
Aiming: Throw Flame
Press: ? - help, Shift-Dir - straight line, f - Blork the orc
Aim: Blork the orc, wielding a +0 trident, wearing a +0 robe and carrying a wand of roots (1) (75% to hit)
The puff of flame hits Blork the orc!
Blork the orc is moderately wounded.
The grasping roots constrict you.
Aiming: Throw Flame
Press: ? - help, Shift-Dir - straight line, f/p - Blork the orc
Aim: Blork the orc, wielding a +0 trident, wearing a +0 robe and carrying a wand of roots (1) (moderately wounded, 75% to hit)
The puff of flame hits Blork the orc.
Blork the orc is moderately wounded.
The grasping roots constrict you.
As you read the scroll of teleportation, it crumbles to dust.
You feel strangely unstable.
Blork the orc screams, "I'll make a cloak from your skin!"
Blork the orc gestures at you while chanting.
The magic dart hits you! The grasping roots constrict you!
* * * LOW HITPOINT WARNING * * *
The grasping roots release their grip on you.
It was a potion of ambrosia.
You are confused.
You feel invigorated.
Blork the orc hits you from afar with a +0 trident!
You die...
Your body disappears without a glow.

*,,,,,,,,,,,,,,,,,**,,,,,*****
*,,,,,,,,,,,,,,,,,,,,,,,,*****
*,,.......,,,,,,,,,,,,,,,*,,,*
*,..........,,,,,,,,,,,,,*,,,,
*,.........,,,,,,,,,,,,,,*,,,,
*..........,,,....?.....,,,,,,
*..........,,,..........,*,,,,
*$........#####.......O.,*,,,,
*.........#o.@#.........,***,,
*###.........s...#.$.......,*
*,,
*,...........#...#.........,*
*,,
*,#..........#####.....r...,*
***
*,#.########...h....###******
*, *,#.!..# ##....##...# *,
*,####.### #....####.# *, *,*
#...# ##########.## *, *,*
*###.# #...........#**** *,


You could see Blork the orc and a scorpion.

Vanquished Creatures
  A black bear (D:4)
  A centaur (D:4)
  A scorpion (D:4)
  A jelly (D:4)
  An orc priest (D:3)
  2 hounds
  A gnoll bouda (D:3)
  An orc wizard (D:3)
  13 mummies (Ossuary)
  4 adders
  3 gnolls (D:3)
  A worm (D:4)
  A dart slug (D:4)
  6 orcs
  6 ball pythons
  5 endoplasms
  A giant cockroach (D:4)
  2 goblins
  4 hobgoblins
  3 jackals (D:2)
  4 quokkas
  3 bats
  6 frilled lizards
  A gnoll skeleton (Ossuary)
  4 goblin skeletons (Ossuary)
  8 kobolds
  A kobold skeleton (Ossuary)
  2 orc skeletons (Ossuary)
  5 rats
  11 rat skeletons (Ossuary)
103 creatures vanquished.

Vanquished Creatures (others)
  8 plants (D:3)
8 creatures vanquished.

Grand Total: 111 creatures vanquished

Notes
Turn   | Place    | Note
-------+----------+-------------------------------------------
     0 | D:1      | Lobster4 the Spriggan Hunter began the quest for the Orb.
     0 | D:1      | Reached XP level 1. HP: 10/10 MP: 2/2
   292 | D:1      | Reached XP level 2. HP: 15/15 MP: 3/3
   629 | D:2      | Reached XP level 3. HP: 18/18 MP: 4/4
  1226 | D:3      | Found a shimmering blue altar of Sif Muna.
  1474 | D:3      | Reached XP level 4. HP: 23/23 MP: 5/5
  1572 | D:3      | Reached skill level 1 in Evocations
  1657 | D:3      | Found an opulent altar of Gozag.
  1673 | D:3      | Reached XP level 5. HP: 14/27 MP: 6/6
  2304 | D:4      | Noticed a centaur
  2314 | D:4      | Killed a centaur
  2315 | D:4      | Reached XP level 6. HP: 16/32 MP: 7/7
  2606 | D:4      | Reached skill level 5 in Ranged Weapons
  3043 | D:4      | Found a sacrificial altar of Ru.
  3082 | D:4      | Found a staircase to the Ecumenical Temple.
  3084 | D:4      | Found a faded altar of an unknown god.
  3091 | Temple   | Entered the Ecumenical Temple
  3101 | Temple   | Became a worshipper of Nemelex Xobeh the Trickster
  3231 | D:4      | Reached skill level 5 in Dodging
  3231 | D:4      | Reached skill level 5 in Stealth
  3602 | D:5      | Entered Level 5 of the Dungeon
  3653 | D:5      | Noticed Blork the orc
  3738 | D:5      | Found a sand-covered staircase.
  3750 | D:5      | Reached XP level 7. HP: 24/36 MP: 8/8
  3753 | Ossuary  | Entered an ossuary
  4405 | D:5      | Slain by Blork the orc

Illustrated notes

Levels and vault maps discovered:
D:1:      lightli_arrival_farm, layout_basic, minmay_misc_feat_doors,
          minmay_pentomino_w2
D:2:      layout_basic, lightli_corner_chamber
D:3:      layout_loops_ring, mainiacjoe_overflow_alcove_1,
          mainiacjoe_overflow_brackets, nicolae_grassy_gnolls
D:4:      layout_basic, mainiacjoe_overflow_six_doors_small,
          nicolae_temple_entry_ecumenical, kennysheep_generic_room_8
D:5:      layout_basic, enter_ossuary_2, minmay_misc_feat_nine_boxes,
          moated_statue, nicolae_hexahallways,
          nicolae_shop_sticking_my_neck_out, uniq_edmund, uniq_blork_the_orc,
          uniq_duvessa
Temple:   nicolae_temple_bog_church

Skill      XL: |  1  2  3  4  5  6 |
---------------+-------------------+-----
Stealth        | 2 3 4 5 |  5.9
Dodging        | 3 4 5 |  5.5
Fighting       | 2 3 |  3.4
Evocations     | 1 2 3 |  3.8
Ranged Weapons | 5 |  5.4

Action                   |  1- 3 |  4- 6 |  7- 9 || total
-------------------------+-------+-------+-------++-------
 Fire: Shortbow          |    92 |   144 |   114 ||   350
Evoke: Wand              |       |       |     2 ||     2
  Use: Scroll            |     2 |     5 |     5 ||    12
       Potion            |       |     2 |     1 ||     3
Armor: Robe              |     6 |     4 |       ||    10
Dodge: Dodged            |    29 |    55 |    29 ||   113

Table legend: (Time is in decaauts)
 A = Elapsed time spent in this place.
 B = Non-inter-level travel time spent in this place.
 C = Inter-level travel time spent in this place.
 D = Time resting spent in this place.
 E = Time spent auto-exploring this place.
 F = Levels seen in this place.
 G = Mean time per level.
                   A        B        C        D        E       F      G
               +--------+--------+--------+--------+--------+-----+--------+
         Total |   3215 |   3099 |    116 |    356 |   1840 |   7 |  459.3 |
       Dungeon |   2636 |   2524 |    112 |    201 |   1679 |   5 |  527.2 |
        Temple |     12 |      9 |      3 |      0 |      0 |   1 |   12.0 |
       Ossuary |    567 |    567 |      0 |    155 |    161 |   1 |  567.0 |
               +--------+--------+--------+--------+--------+-----+--------+

Top non-repeatable levels by time:
     D:4: 911 daAuts
     D:3: 816 daAuts
 Ossuary: 567 daAuts
     D:2: 418 daAuts
     D:1: 367 daAuts
     D:5: 122 daAuts
  Temple: 12 daAuts
